 Dungeon Crawl Stone Soup version 0.30.1-3-gfc49f6343a (webtiles) character file.

Game seed: 8989148343390295647

63 hawla the Firebug (level 4, -1/33 HPs)
             Began as a Meteoran Fire Elementalist on July 23, 2023.
             Was an Initiate of Vehumet.
             Engulfed by a cloud of flame (16 damage)
             ... on level 3 of the Dungeon.
             The game lasted 00:04:21 (704 turns).

hawla the Firebug (Meteoran Fire Elementalist)       Turns: 704, Time: 00:04:21

Health: -1/33      AC:  3    Str:  9    XL:     4   Next: 56%
Magic:  5/10       EV: 12    Int: 19    God:    Vehumet [......]
Gold:   77         SH:  5    Dex: 10    Spells: 2/9 levels left

rFire   . . .        k - +2 hammer of Seggor {pain, rElec Dex-4 SInv Stlth+}
rCold   . . .        (no shield)
rNeg    . . .        a - +0 robe
rPois   .            (no helmet)
rElec   +            c - +0 cloak
rCorr   .            (no gloves)
SInv    +            (no boots)
Will    .....        b - amulet of reflection
Stlth   +            (no ring)
HPRegen 0.25/turn    (no ring)
MPRegen 0.12/turn

%: reflection
@: glowing
A: sense surroundings 1, otherworldly, glowing, explore regen
a: Renounce Religion


You were on level 3 of the Dungeon.
You worshipped Vehumet.
Vehumet was noncommittal.
You visited 1 branch of the dungeon, and saw 3 of its levels.

You collected 77 gold pieces.

Inventory:

Hand Weapons
 k - the +2 hammer of Seggor (weapon) {pain, rElec Dex-4 SInv Stlth+}
   (You found it on level 3 of the Dungeon)

   Dex:       It affects your dexterity (-4).
   rElec:     It insulates you from electricity.
   SInv:      It lets you see invisible.
   Stlth:     It makes you more stealthy.
Armour
 a - a +0 robe (worn)
 c - a +0 cloak (worn)
Jewellery
 b - an amulet of reflection (around neck)
 j - a ring of fire
Wands
 l - a wand of flame (23)
Scrolls
 d - a scroll of noise {unknown}
 e - a scroll of torment {unknown}
Potions
 f - a potion of degeneration {unknown}
 g - a potion of heal wounds {unknown}
 h - a potion of might {unknown}
 i - 3 potions of invisibility {unknown}


   Skills:
 - Level 3.0 Dodging
 - Level 1.4 Stealth
 - Level 3.4 Spellcasting
 + Level 1.6 Conjurations
 + Level 1.5 Necromancy
 - Level 4.4 Fire Magic


You had 2 spell levels left.
You knew the following spells:

 Your Spells              Type           Power      Damage    Failure   Level
a - Foxfire               Conj/Fire      56%        2x1d6     4%          1
b - Scorch                Fire           40%        2d7       3%          2
c - Flame Wave            Conj/Fire      14%        2d6       38%         4

Your spell library contained the following spells:

 Spells                   Type           Power      Damage    Failure   Level
 Inner Flame              Hex/Fire       11%        N/A       17%         3
 Volatile Blastmotes      Fire/Tloc      22%        2d11      17%         3
 Vhi's Electric Charge    Tloc/Air       6%         N/A       41%         3
 Arcjolt                  Conj/Air       3%         1d13      96%         5
 Maxwell's Capacitive Co  Air            1%         ∞         100%        8


Dungeon Overview and Level Annotations

Branches:
Dungeon (3/15) Zot: 1096

Altars:
Vehumet

Shops:
D:1 (

Annotations:
D:3 1 runed translucent door, Crazy Yiuf


Innate Abilities, Weirdness & Mutations

You passively map a small area around you.
You are easily found by Zot.
You glow in the dark.
You regain HP and MP as you explore.


Message History

A wave of flame ripples out!
The tree burns like a torch!
A wave of flame ripples out!
The tree burns like a torch!
You finish channelling waves of flame.
You hear a shout!
The forest fire spreads!
Found a runed translucent door.
The forest fire spreads!
The forest fire spreads! x2
The forest fire spreads!
The forest fire spreads! x2
The forest fire spreads! x2
The forest fire spreads!
The forest fire spreads! x2
The forest fire spreads! x2
The forest fire spreads! x4
Your magical contamination has completely faded away.
The forest fire spreads!
Really walk into that cloud of flame?
Okay, then.
Found a hammer.
Casting: Flame Wave (extremely dangerous; 38% risk of failure)
Confirm with . or Enter, or press ? or * to list all spells.
The spell is extremely dangerous to miscast (38% risk of failure)!
Continue anyway?
Casting: Flame Wave (extremely dangerous; 38% risk of failure)
Press: ? - help, Dir - look around, f - activate A wave of flame ripples out! (Press . to intensify the flame waves.)
A wave of flame ripples out!
The tree burns like a torch!
A wave of flame ripples out!
The tree burns like a torch!
You finish channelling waves of flame.
Crazy Yiuf screams, "Gum arm snockshim!"
Unknown command.
Crazy Yiuf laughs, "Castle mobile illywillydillykilly!"
The forest fire spreads!
Crazy Yiuf says, "Tonal!"
You are engulfed in blazing flames.
Ouch! That really hurt!
Crazy Yiuf grits, "Peeping green agre!"
You are engulfed in blazing flames.
You die...

#..### ## #....######.
##### #..#......#.
#)..# #..######...
#...# #### ##.. .g.*♣#
#.. ♣##+##°## ###..
#♣♣§§○§§§§# #####.)..
#.§§§@§§§§####.....#†#
#.☼☼§☼....#....#####.#
#..☼☼☼....#.#### #.#
##........### ##..
#........# ##... **
#........########...# #
###.).)###....##...##
#.# #÷)..###.......#.#
#...##...#.##....####.#


You could see Crazy Yiuf.

Vanquished Creatures
  Robin (D:3)
  2 adders (D:3)
  An orc (D:3)
  2 ball pythons (D:3)
  4 bats
  2 endoplasms
  A giant cockroach (D:1)
  8 goblins (D:3)
  4 hobgoblins
  3 kobolds (D:3)
  2 frilled lizards (D:1)
  A rat (D:1)
31 creatures vanquished.

Vanquished Creatures (others)
  57 foxfires
57 creatures vanquished.

Grand Total: 88 creatures vanquished

Notes
Turn   | Place    | Note
-------+----------+-------------------------------------------
     0 | D:1      | hawla the Meteoran Fire Elementalist began the quest for
                  | the Orb.
     0 | D:1      | Reached XP level 1. HP: 14/14 MP: 5/5
    75 | D:1      | Reached XP level 2. HP: 20/20 MP: 3/6
    78 | D:1      | Learned a level 2 spell: Scorch
    98 | D:1      | Reached skill level 4 in Fire Magic
   234 | D:1      | Found Ogummi's Antique Weapon Boutique.
   347 | D:3      | Reached XP level 3. HP: 26/26 MP: 0/8
   347 | D:3      | Noticed Robin
   408 | D:3      | Identified the +2 hammer of Seggor {pain, rElec Dex-4 SInv
                  | Stlth+}
   412 | D:3      | Killed Robin
   413 | D:3      | Reached XP level 4. HP: 28/33 MP: 1/10
   530 | D:3      | Found a radiant altar of Vehumet.
   536 | D:3      | Reached skill level 1 in Necromancy
   559 | D:3      | Became a worshipper of Vehumet
   571 | D:3      | Found a faded altar of an unknown god.
   625 | D:3      | Learned a level 4 spell: Flame Wave
   631 | D:3      | Found a runed translucent door.
   677 | D:3      | Noticed Crazy Yiuf
   704 | D:3      | Engulfed by a cloud of flame

Illustrated notes

Levels and vault maps discovered:
D:1:      saegor_arrival_simple_c, layout_basic, serial_shops,
          nicolae_shop_hallway_plus, st_stairs_13
D:2:      layout_basic, serial_co_window_serial, co_window_paths_a,
          co_window_paths_a, co_window_corner_a, co_window_paths_a,
          co_window_paths_a, co_window_paths_b, co_window_corner_a,
          co_window_broadway_c, co_window_2corner, co_window_of_opportunity_c,
          glass_columns_a, glass_columns_a, uniq_jessica
D:3:      layout_rooms, vehumet_altar_wand_db, ebering_ecumenical_altar_hall,
          corner_web_ring, uniq_crazy_yiuf_cottage, uniq_robin, uniq_ijyb

Skill      XL: |  1  2  3  4 |
---------------+-------------+-----
Fire Magic     | 4 |  4.4
Spellcasting   | 3 |  3.4
Dodging        | 3 |  3.0
Necromancy     | 1 |  1.5
Stealth        | |  1.4
Conjurations   | |  1.6

Action                     |  1- 3 |  4- 6 || total
---------------------------+-------+-------++-------
  Melee: Unarmed           |     6 |       ||     6
         Mace              |     2 |       ||     2
   Cast: Foxfire           |    27 |     8 ||    35
         Scorch            |     5 |     3 ||     8
         Flame Wave        |       |     2 ||     2
    Use: Potion            |     1 |       ||     1
 Armour: Robe              |    11 |       ||    11
  Dodge: Dodged            |    17 |     1 ||    18
  Block: Other             |       |     1 ||     1
